[Event "*** Titled Tuesday Blitz"]
[Site "Chess.com"]
[Date "2019.04.02"]
[Round "4"]
[White "hansen"]
[Black "Grischuk"]
[Result "1/2-1/2"]
[WhiteElo "2819"]
[BlackElo "3066"]
[TimeControl "180+2"]
[EndTime "14:51:38 PDT"]
[Termination "Game drawn by agreement"]

1. e4 e5 2. Nf3 Nc6 3. Bb5 a6 4.
Ba4 Nf6 5. O-O b5 6. Bb3 Bb7 7. d3 Be7 8. Nc3 O-O 9. a3 d6 10. Bd2 Qd7 11. Re1 Nd8 12. Ne2 Ne6 13. Ng3 Rae8 14. h3 Bd8 15. Ba2 c5 16. b4 Bc7 17. c4 Kh8 18. Rc1 Bb6 19. Be3 Nd4 20.
Nxd4 cxd4 21. Bg5 Ng8 22. Nf5 f6 23. Bd2 Ne7 24. Nxd6 Qxd6 25. c5 Bxc5 26. bxc5 Qd7 27. f4 Bc6 28. Qh5 Qc7 29. Rf1 Ra8 30. fxe5 Qxe5 31.
Qe2 Ng6 32. Rf5 Qg3 33. Rcf1 Rae8 34. R1f3 Qc7 35. Be1 Bd7 36. Rh5 Be6 37. Bg3 Qf7 38. Bxe6 Qxe6 39. Qf2 a5 40. Qxd4 Rc8 41. Bd6 Rfd8 42.
Rhf5 Ne5 43. Rg3 Nc6 44. Qe3 Re8 45. Kh2 b4 46. axb4 axb4 47. Qf3 Nd4 48. Qg4 Nxf5 49. exf5 Qd7 50. Qxb4 Qxf5 51. Qc4 Red8 52. Qd4 h6 53. Rf3 Qe6 54. Re3 Qf7 55. Qf4 Re8 56. Rg3 Qd5 57. Qg4 Qf7 58. d4 f5 59. Qf3 Re4 60. Be5 Rxe5 61. dxe5 Rxc5 62. Qf4 Qe6 63. Re3 1/2-1/2

[Event "*** Titled Tuesday Blitz"]
[Site "Chess.com"]
[Date "2019.04.02"]
[Round "4"]
[White "TregubovP"]
[Black "vladimirdamjanovic"]
[Result "1/2-1/2"]
[WhiteElo "2506"]
[BlackElo "2549"]
[TimeControl "180+2"]
[EndTime "14:51:39 PDT"]
[Termination "Game drawn - insufficient material"]

1. d4 Nf6 2. c4 c5 3. d5 b5 4. cxb5 a6 5. e3 d6 6. Nc3 g6 7. Nf3 Bg7 8. e4 O-O 9. a4 Nbd7 10. bxa6 Qa5 11. Bd2 Bxa6 12. Bxa6 Qxa6 13. Qe2 Rfb8 14. Qxa6 Rxa6 15. Ra2 Rb4 16. O-O Nxe4 17. Nxe4 Rxe4 18. a5 Nf6 19. Re1 Rxe1+ 20. Nxe1 Nxd5 21. Nc2 Nc7 22. b4 f5 23. bxc5 dxc5 24. Kf1 Kf7 25. Ne3 Ke6 26.
Rc2 Bd4 27. Nc4 Nd5 28. Rc1 Kd7 29. Rb1 Kc7 30. Rb3 f4 31. g3 fxg3 32. hxg3 h5 33. Kg2 e5 34. f3 Ra8 35. Nb6 Nxb6 36.
Rxb6 Rb8 37. Rxb8 Kxb8 38. Kf1 Kb7 39. Ke2 c4 40. Bg5 Ka6 41. Bd8 Bc3 42. Bc7 Bd4 43. Kd2 Kb5 44. Kc2 g5 45. Bd8 g4 46.
fxg4 hxg4 47. Bc7 e4 48. Kd2 Bf2 49. Ke2 Bc5 50. Kd2 Bd4 51. Bd8 e3+ 52. Ke2 Be5 53. Kxe3 Bxg3 54. Ke4 Bb8 55. Bb6 g3 56. Kf3 c3 57.
Ke2 Kc4 58. a6 Kb3 59. a7 Bxa7 60. Bxa7 c2 61. Be3 Kc3 62. Kf3 Kd3 63. Bh6 Kc3 64. Kxg3 Kb2 65. Kf2 c1=Q 66. Bxc1+ 1/2-1/2

[Event "*** Titled Tuesday Blitz"]
[Site "Chess.com"]
[Date "2019.04.02"]
[Round "4"]
[White "Vegan4future"]
[Black "maciek_92"]
[Result "0-1"]
[WhiteElo "2496"]
[BlackElo "2677"]
[TimeControl "180+2"]
[EndTime "14:51:40 PDT"]
[Termination "maciek_92 won by resignation"]

1. Nc3 Nf6 2. g4 Nxg4 3. e4 d6 4. Be2 Nf6 5. d4 e5 6. Nf3 Nc6 7. Be3 Bg4 8. d5 Bxf3 9. Bxf3 Ne7 10. Qd2 h6 11. O-O-O Qd7 12. Rdg1 Ng6 13. h4 a6 14. h5 Ne7 15. Rg3 c5 16. Rhg1 b5 17. Ne2 b4 18.
Kb1 a5 19. Nc1 a4 20. Rh1 Nc8 21. Bg2 Na7 22. f3 Qb7 23. f4 Nd7 24. f5 Nf6 25.
Bf2 Nb5 26. Ka1 Rg8 27. Qe2 Be7 28. Bf1 Ra5 29. Rhg1 Kf8 30. Qf3 Nd4 31. Bxd4 cxd4 32. Be2 Nh7 33. Qd3 Bg5 34. Bf3 Ke7 35. Ne2 Rc8 36.
R3g2 f6 37. Nxd4 exd4 38. Qxd4 a3 39. b3 Rac5 40. Bd1 Kf7 41. Rf1 Nf8 42. Rh1 Nd7 43.
Rxg5 fxg5 44. f6 Nxf6 45. Rf1 Qe7 46. Bg4 Qe5 47. Be6+ Ke7 48. Qxe5 dxe5 49. Bxc8 Rxc8 50. Kb1 Nxe4 51. Re1 Nc3+ 52. Ka1 e4 53. d6+ Kd8 54.
Rf1 Rc5 55. d7 Nb5 56. Kb1 Rd5 57. Kc1 Rxd7 58. Rf8+ Kc7 59. Re8 Nd6 60. Re5 Rf7 61. Rc5+ Kd7 62. c3 Rf1+ 63. Kd2 Rf2+ 64. Ke3 Rxa2 65. cxb4 Rb2 66. Ra5 Rxb3+ 67. Kd4 Rxb4+ 68.
Ke3 Nc4+ 0-1

[Event "*** Titled Tuesday Blitz"]
[Site "Chess.com"]
[Date "2019.04.02"]
[Round "4"]
[White "scrapnel"]
[Black "matiss90"]
[Result "1/2-1/2"]
[WhiteElo "2535"]
[BlackElo "2462"]
[TimeControl "180+2"]
[EndTime "14:51:45 PDT"]
[Termination "Game drawn by stalemate"]

1. Nf3 Nf6 2. c4 g6 3. d4 Bg7 4. g3 O-O 5. Bg2 d6 6. O-O a6 7.
Nc3 Nc6 8. Re1 Rb8 9. Rb1 b5 10.
cxb5 axb5 11. b4 Bf5 12. e4 Bg4 13. Be3 e5 14. d5 Nd4 15. Bg5 h6 16. Bc1 Nd7 17.
Qd3 f5 18. Nh4 Qf6 19. f3 Bh5 20. Be3 f4 21. Bxd4 exd4 22. Ne2 fxg3 23. hxg3 Ne5 24. Qxd4 Nxf3+ 25. Nxf3 Qxf3 26. Bxf3 Bxd4+ 27. Nxd4 Bxf3 28. Ne6 Rf7 29. Rbc1 Ra8 30. Rc2 Ra7 31. Nd4 Bg4 32. Nxb5 Ra4 33. a3 Bd7 34. Nxc7 Rxa3 35. Kh2 Rff3 36.
Rg1 h5 37. Ne6 Bxe6 38. dxe6 Kf8 39. b5 Ke7 40. Rb2 Rfb3 41. Rgb1 Ra2 42. Rxa2 Rxb1 43. Kh3 Rxb5 44. g4 hxg4+ 45. Kxg4 Kxe6 46. Ra8 Ke5 47.
Rd8 Rb4 48. Re8+ Kf6 49. Kf3 g5 50. Rd8 Ke5 51. Re8+ Kf6 52. Rd8 Ke7 53. Rg8 Rb3+ 54. Kg4 Re3 55. Rxg5 Rxe4+ 56. Kf3 Re6 57. Rd5 Kd7 58.
Rd1 Re5 59. Kf2 d5 60. Re1 Kd6 61. Rxe5 Kxe5 62. Ke3 d4+ 63. Kd3 Kd5 64. Kd2 Ke4 65. Ke2 d3+ 66. Kd2 Kd4 67. Kd1 Ke3 68. Ke1 d2+ 69.
Kd1 Kd3 1/2-1/2

[Event "*** Titled Tuesday Blitz"]
[Site "Chess.com"]
[Date "2019.04.02"]
[Round "4"]
[White "hellokostya"]
[Black "jcgs1030"]
[Result "0-1"]
[WhiteElo "2496"]
[BlackElo "2342"]
[TimeControl "180+2"]
[EndTime "14:51:47 PDT"]
[Termination "jcgs1030 won by resignation"]

1. d4 Nf6 2. c4 e6 3. Nf3 d5 4. Nc3 c5 5. cxd5 Nxd5 6. e3 Nc6 7. Bd3 cxd4 8. exd4 Be7 9. O-O O-O 10. Re1 b6 11.
a3 Bb7 12. Bc2 Bf6 13. Qd3 g6 14. Bh6 Re8 15. Rad1 Rc8 16. Ne4 Bg7 17. Bxg7 Kxg7 18. Bb1 Nf6 19. Neg5 Qd5 20. h3 Ne7 21. Qe3 h6 22.
Nxf7 Kxf7 23. Qxh6 Qh5 24. Ng5+ Kg8 25. Qxh5 Nxh5 26.
Rxe6 Nf4 27. Rf6 Ne2+ 28. Kh2 Rf8 29. Ba2+ Kh8 30. Nf7+ Kg7 31. Re6 Rxf7 32. Rxe2 Bd5 33. Bxd5 Nxd5 34. g3 Rfc7 35. Kg2 Rc2 36. Rdd2 Rxd2 37.
Rxd2 g5 38. Kf3 Kf6 39. Ke4 Ke6 40. Kd3 Nf6 41. Re2+ Kd6 42. Re5 g4 43. Rf5 Ke6 44.
Re5+ Kf7 45. hxg4 Nxg4 46. Rf5+ Ke6 47. Rf4 Nf6 48. f3 Rc1 49. Rh4 Rg1 50. g4 Rg3 51. Ke2 Rg2+ 52. Ke3 Rxb2 53. Rh6 Kf7 54. g5 Rb3+ 55. Kf4 Nd5+ 56. Ke5 Ne7 57. Rh7+ Ke8 58. f4 Rxa3 59. f5 Ra5+ 60. Ke6 Ng8 61. f6 Rxg5 62.
f7+ Kf8 63. Rh8 Rg6+ 64. Kd7 Kxf7 65. d5 Nf6+ 66. Kc7 Nxd5+ 67. Kb7 a5 0-1

[Event "*** Titled Tuesday Blitz"]
[Site "Chess.com"]
[Date "2019.04.02"]
[Round "4"]
[White "Miguelito"]
[Black "Fandorine"]
[Result "1/2-1/2"]
[WhiteElo "2616"]
[BlackElo "2843"]
[TimeControl "180+2"]
[EndTime "14:51:50 PDT"]
[Termination "Game drawn - insufficient material"]

1. e4 e5 2. Nf3 Nc6 3. Bc4 Nf6 4. Ng5 Bc5 5. Bxf7+ Ke7 6. Bb3 Rf8 7. O-O d6 8. d3 Bg4 9. Nf3 Nd4 10. Nbd2 Qe8 11. c3 Nxf3+ 12. Nxf3 Qh5 13. d4 Nxe4 14. dxc5 Rxf3 15. Qd5 Nxc5 16. Be3 c6 17. Qd2 Nxb3 18. axb3 Rh3 19. Bf4 exf4 20. gxh3 Be6 21. Qxf4 Rf8 22. Qg3 Qh6 23. Ra4 Rf6 24. Rh4 Qg6 25. Qxg6 Rxg6+ 26. Kh1 Bxb3 27. Rg4 Bd5+ 28. Kg1 a5 29. Rxg6 hxg6 30. f3 a4 31. Kf2 b5 32. Ke3 Ke6 33. Rg1 Kf6 34. h4 Bc4 35. Rd1 Ke6 36. f4 c5 37.
Rg1 Kf6 38. Rd1 d5 39. Rg1 Bb3 40. Rg5 b4 41. cxb4 cxb4 42. Re5 a3 43. bxa3 bxa3 44. Re8 a2 45. Ra8 Bc4 46. h3 Kf5 47. Rf8+ Ke6 48. Ra8 Ke7 49. Kd4 Kf6 50. Ra7 Kf5 51. Rf7+ Ke6 52. Ra7 Kf6 53. Ra8 Bb3 54. Ra7 Bc4 55. Ra8 Ke6 56. Ra7 Kd6 57. Kc3 Kc5 58. Kb2 d4 59.
Rxg7 d3 60. Rxg6 d2 61. Rg1 Be2 62. h5 Bxh5 63. Kxa2 d1=Q 64. Rxd1 Bxd1 65. h4 Kd5 66. f5 Ke5 67. h5 Kxf5 68. h6 Kg6 69. h7 Kxh7 1/2-1/2

[Event "*** Titled Tuesday Blitz"]
[Site "Chess.com"]
[Date "2019.04.02"]
[Round "4"]
[White "Chesstrainer1"]
[Black "Karina_Oparina"]
[Result "0-1"]
[WhiteElo "2400"]
[BlackElo "2254"]
[TimeControl "180+2"]
[EndTime "14:51:50 PDT"]
[Termination "Karina_Oparina won by resignation"]

1. d4 Nf6 2. c4 e6 3. g3 Bb4+ 4. Nd2 c5 5. a3 Bxd2+ 6. Qxd2 cxd4 7. Nf3 Nc6 8. Nxd4 O-O 9. Bg2 d5 10. O-O e5 11. Nxc6 bxc6 12. cxd5 cxd5 13. b4 Be6 14.
Bb2 e4 15. Rfc1 Rc8 16. Bd4 Qd7 17. Rc5 Rxc5 18. Bxc5 Rb8 19. Qd4 a6 20. a4 Ne8 21. b5 axb5 22. a5 Nc7 23. a6 Ra8 24. a7 f6 25. Bb6 Qc6 26. Qe3 Qb7 27. Qc5 Ne8 28. f3 Kf7 29. fxe4 dxe4 30. Qd4 f5 31. Rf1 Nf6 32. Bc5 Kg8 33. h3 Nd7 34. g4 Nxc5 35.
Qxc5 fxg4 36. Ra1 gxh3 37. Qe5 hxg2 38. Qxe6+ Kh8 39. Rc1 h6 40. Ra1 Rxa7 41. Rxa7 Qxa7+ 42. Kxg2 Qb7 43. Kg3 b4 44. Qb3 Kh7 45. Kf4 Qc7+ 46. Kxe4 Qc3 47. Qb1 Qc4+ 48. Ke5+ Kg8 49. Qg6 Qc3+ 50.
Kd5 Qb3+ 51. Kc5 Qc3+ 52. Kb5 Qf6 53. Qe8+ Qf8 54. Qe6+ Kh8 55. e4 b3 56. Qxb3 Qb8+ 57. Kc4 Qxb3+ 58. Kxb3 Kg8 59. Kc4 Kf7 60. Kd5 Ke7 61.
Ke5 h5 62. Kf5 g6+ 63. Kg5 Ke6 0-1

[Event "*** Titled Tuesday Blitz"]
[Site "Chess.com"]
[Date "2019.04.02"]
[Round "4"]
[White "WPWPWP-2015"]
[Black "Touching3200"]
[Result "0-1"]
[WhiteElo "2372"]
[BlackElo "2368"]
[TimeControl "180+2"]
[EndTime "14:51:55 PDT"]
[Termination "Touching3200 won by checkmate"]

1. e4 c6 2. d4 d5 3. e5 Bf5 4.
Nf3 e6 5. Be2 c5 6. Be3 Nd7 7.
O-O Ne7 8. c3 Nc6 9. Nbd2 Be7 10. h3 Qb6 11. Qb3 c4 12. Qxb6 axb6 13. a3 b5 14. g4 Bg6 15. Nh2 h5 16. f4 hxg4 17. hxg4 Rh3 18. Bf2 Bd3 19. Rae1 O-O-O 20. Nhf3 Bxe2 21.
Rxe2 Rdh8 22. Kg2 f5 23. g5 Nf8 24. Bg3 Ng6 25. Ra1 Nb8 26. Ng1 Rh1 27. Ndf3 R1h7 28.
Ree1 Kc7 29. Rec1 Nd7 30. Ne2 Nb6 31. Rf1 Na4 32. Rab1 Rh3 33. Neg1 R3h5 34. Rf2 Kc6 35. Rc2 Bd8 36. Rcc1 Ba5 37. Ne2 Ne7 38. Rf1 Bd8 39.
Kf2 Kd7 40. Ke3 Nc6 41. Rg1 Na5 42. Nd2 Rh3 43. Kf2 Be7 44. Kg2 Nb6 45. Rgf1 Nb3 46. Nf3 Na4 47. Rfd1 R3h5 48. Neg1 Bxa3 49. bxa3 Nxc3 50.
Be1 Nxd1 51. Rxd1 Ra8 52. Bb4 Na5 53. Ne2 Nc6 54. Nc3 Nxb4 55. axb4 Kc6 56. Rd2 Ra3 57. Ne2 Rb3 58. Ng3 Rh8 59. Re2 g6 60. Nf1 Rxb4 61. Ne3 Rb1 62. Kf2 b4 63. Ng2 Rhh1 64.
Nfh4 c3 65. Nxg6 b3 66. Ne7+ Kd7 67. Ng8 c2 68. Nf6+ Ke7 69. g6 c1=Q 70. g7 Qf1+ 71. Kg3 Qxe2 72. g8=Q Qd3+ 73. Kf2 Rb2# 0-1

[Event "*** Titled Tuesday Blitz"]
[Site "Chess.com"]
[Date "2019.04.02"]
[Round "4"]
[White "area_5"]
[Black "NikolaN98"]
[Result "0-1"]
[WhiteElo "2681"]
[BlackElo "2531"]
[TimeControl "180+2"]
[EndTime "14:52:01 PDT"]
[Termination "NikolaN98 won by checkmate"]

1. e4 c5 2. Nf3 d6 3. d4 cxd4 4. Qxd4 a6 5. Be3 Nc6 6. Qd2 Nf6 7. Nc3 g6 8. O-O-O Bg7 9. e5 dxe5 10. Qxd8+ Nxd8 11. Nxe5 Be6 12. Be2 Rc8 13. Bf3 O-O 14. Rd2 Ne8 15. Bf4 Nd6 16. Ne4 Bxe5 17. Bxe5 Nc4 18.
Bc3 Nxd2 19. Kxd2 f6 20. Re1 Bf7 21. Ng3 e5 22. Ne4 Kg7 23. Nxf6 Rxc3 24. Nh5+ gxh5 25. Kxc3 Kf6 26. Rd1 Ke7 27. Kb4 Bg6 28. Re1 Kd6 29. Rd1+ Kc7 30. Re1 Re8 31. Bd5 Nc6+ 32. Kc3 Kd6 33.
Be4 Bxe4 34. Rxe4 Rf8 35. Rh4 Rf5 36. f3 Nd4 37. Kd3 Rg5 38. c3 Ne6 39. g4 Nf4+ 40.
Ke4 Ke6 41. c4 a5 42. b3 hxg4 43. fxg4 Ng6 44. Rxh7 Rxg4+ 45. Kf3 Rf4+ 46. Ke3 Rf7 47. Rh6 Kf5 48. Rh5+ Kf6 49. a3 Rc7 50. Rh3 a4 51.
Rf3+ Nf4 52. bxa4 Rxc4 53. Rf1 Rxa4 54. Rb1 Rxa3+ 55. Ke4 Ra4+ 56. Kf3 Ra3+ 57. Ke4 Ra7 58.
Rb6+ Ne6 59. h4 Ra4+ 60. Ke3 Rxh4 61. Rxb7 Rh3+ 62. Ke4 Rh4+ 63. Ke3 Nd4 64. Rb8 Nf5+ 65. Kd3 e4+ 66. Ke2 Ke5 67. Ke1 Kf4 68. Rb3 Rh2 69. Kf1 Nd4 70. Ra3 e3 71. Ra4 Ke5 72. Kg1 Nf3+ 73. Kf1 Rf2# 0-1

[Event "*** Titled Tuesday Blitz"]
[Site "Chess.com"]
[Date "2019.04.02"]
[Round "4"]
[White "champ2005"]
[Black "Benek77"]
[Result "0-1"]
[WhiteElo "2798"]
[BlackElo "2643"]
[TimeControl "180+2"]
[EndTime "14:52:08 PDT"]
[Termination "Benek77 won by resignation"]

1. d4 Nf6 2. Nc3 d5 3. Bf4 g6 4. e3 Bg7 5. h4 h5 6. Nf3 O-O 7.
Ne5 c5 8. dxc5 Nfd7 9. Nxd7 Nxd7 10. Qxd5 Qa5 11. Qd2 Nxc5 12. Bc4 Rd8 13. Bd3 Bf5 14. O-O Bxd3 15. cxd3 Nxd3 16. Qc2 Nxb2 17. Ne4 Nd3 18.
Rab1 Nxf4 19. exf4 Rac8 20. Qb3 b6 21. Ng5 Qd5 22.
Qa3 Rc7 23. Qa4 Rc4 24. Qxa7 Rxf4 25. Qxe7 Bf6 26. Qc7 Rxh4 27. Nf3 Rc4 28. Qxb6 Kg7 29. Qb3 Rc3 30. Qxd5 Rxd5 31. Rfd1 Ra5 32. Rd2 Rca3 33.
Rb7 Rf5 34. Rc2 g5 35. Nd2 Bd4 36. Nc4 Rd3 37. g3 Rxg3+ 38. Kf1 Rgf3 39. Nd6 Rxf2+ 40.
Rxf2 Rxf2+ 41. Ke1 Rf4 42. Rb5 Kg6 43. a4 Bc3+ 44.
Ke2 Rxa4 45. Kd3 Bf6 46. Ne4 Ra3+ 47. Kc4 Ra4+ 48. Kd3 Be7 49. Rb6+ f6 50. Rb7 Bd8 51. Rd7 Ba5 52. Rd6 Ra3+ 53. Kd4 Rf3 54. Ra6 Be1 55.
Ra8 g4 56. Kd5 Kf5 57. Nd6+ Kf4 58. Rh8 h4 59. Rh5 h3 60. Ke6 Kg3 61. Ne4+ Kg2 62.
Nxf6 Rxf6+ 63. Kxf6 g3 64. Kf5 h2 65. Kg4 h1=Q 66. Ra5 Qh3+ 67. Kf4 Bd2+ 68. Ke4 Qg4+ 69. Kd3 Bxa5 0-1

[Event "*** Titled Tuesday Blitz"]
[Site "Chess.com"]
[Date "2019.04.02"]
[Round "4"]
[White "cukus"]
[Black "alturas_pacificas"]
[Result "1/2-1/2"]
[WhiteElo "2391"]
[BlackElo "2274"]
[TimeControl "180+2"]
[EndTime "14:52:12 PDT"]
[Termination "Game drawn - insufficient material"]

1. e4 e5 2. Nf3 Nf6 3. Nxe5 d6 4. Nf3 Nxe4 5. Nc3 Nxc3 6. dxc3 Be7 7. Be3 Nd7 8. Qd2 Ne5 9. O-O-O Nxf3 10. gxf3 Be6 11.
Bb5+ c6 12. Bd3 Qa5 13. a3 d5 14. Rhg1 Bxa3 15. bxa3 Qxa3+ 16. Kb1 d4 17. c4 dxe3 18. Qxe3 Qb4+ 19. Kc1 Qa3+ 20. Kd2 Qa5+ 21. Ke2 g6 22. Ra1 Qc7 23. f4 O-O 24. f5 Rfe8 25. fxe6 Rxe6 26. Be4 f5 27. f3 fxe4 28. f4 Rf8 29.
Rgf1 Qb6 30. Rxa7 Qxe3+ 31. Kxe3 Rf7 32. c5 Rd7 33. f5 gxf5 34. Rxf5 Rg6 35. Rf4 Re7 36.
Rxe4 Rxe4+ 37. Kxe4 Rg2 38. Kd3 Rg7 39. Kd4 Rd7+ 40. Ke4 Kf7 41. c4 Kf6 42. Ra8 Re7+ 43. Kf4 Ke6 44. Rd8 Rf7+ 45. Ke4 Re7 46. Rd6+ Kf7+ 47.
Kf5 Ke8 48. Re6 Kf7 49. Rf6+ Ke8 50. Rh6 Kd7 51. Rh3 Kc7 52. Kf6 Re4 53. Rxh7+ Kb8 54.
h4 Rxc4 55. h5 Rxc5 56. h6 Rh5 57. Rh8+ Kc7 58. h7 b5 59. Kg6 Rh1 60. Rf8 Kb6 61. h8=Q Rxh8 62. Rxh8 Kc5 63. Kf5 Kd4 64. Rd8+ Kc3 65.
Rc8 b4 66. Rxc6+ Kd4 67. Rb6 Kc3 68. Ke4 b3 69. Ke3 b2 70. Rxb2 Kxb2 1/2-1/2

[Event "*** Titled Tuesday Blitz"]
[Site "Chess.com"]
[Date "2019.04.02"]
[Round "4"]
[White "vugarrasulov"]
[Black "Fighterman91"]
[Result "0-1"]
[WhiteElo "2843"]
[BlackElo "2595"]
[TimeControl "180+2"]
[EndTime "14:52:16 PDT"]
[Termination "Fighterman91 won by resignation"]

1. e4 c5 2. Nf3 Nc6 3. d4 cxd4 4. Nxd4 Qb6 5. Nb3 Nf6 6. Bd3 d6 7. O-O g6 8. Nc3 Bg7 9. Be3 Qd8 10. h3 O-O 11. f4 a5 12. a4 Be6 13. Nd4 Bd7 14. Nxc6 Bxc6 15. Bd4 Nd7 16. Bxg7 Qb6+ 17. Kh2 Kxg7 18. Bb5 Qc5 19. Qd3 Qb4 20. Nd5 Bxd5 21.
exd5 Nc5 22. Qe3 Qxb2 23. c3 Qc2 24. Rae1 Rad8 25. f5 Kg8 26. Qxe7 Qxc3 27. fxg6 hxg6 28. Rxf7 Rxf7 29. Qxd8+ Kg7 30. Re8 Qf6 31. Qxf6+ Kxf6 32. Kg3 Re7 33. Ra8 Ke5 34. Rxa5 Kxd5 35. Ra8 Kd4 36. Rg8 g5 37. Kg4 Ne4 38. Rd8 Rf7 39. Kh5 d5 40. Kg6 Rf6+ 41. Kg7 Rf2 42. Rd7 b6 43. Bc6 Nc3 44. g4 Kc5 45. Bb7 Rf3 46. Kg6 Rxh3 47.
Kxg5 Re3 48. Kf5 Rf3+ 49. Kg6 Rg3 50. g5 d4 51. Kf5 d3 52. g6 Ne2 53. Kf6 Nd4 54.
Rd5+ Kc4 55. Rg5 Rxg5 56. Kxg5 d2 57. g7 Ne6+ 58. Kf6 Nxg7 59. Bf3 Ne8+ 60. Ke5 Nc7 61. Kd6 Na6 62. Kc6 Nc5 63. Be2+ Kb4 64. Kxb6 Nxa4+ 65. Kc6 Nc3 66. Bh5 Kc4 67. Kb6 Kd4 68. Ka5 Ke3 0-1

[Event "*** Titled Tuesday Blitz"]
[Site "Chess.com"]
[Date "2019.04.02"]
[Round "4"]
[White "enriquetejedor"]
[Black "LimeInTheCoconut"]
[Result "1-0"]
[WhiteElo "2547"]
[BlackElo "2508"]
[TimeControl "180+2"]
[EndTime "14:52:25 PDT"]
[Termination "enriquetejedor won by resignation"]

1. d4 Nf6 2. c4 e6 3. Nf3 d5 4.
Nc3 Bb4 5. Qa4+ Nc6 6. Ne5 Rb8 7. e3 Ne4 8. Nxc6 bxc6 9. Qc2 O-O 10. Bd3 f5 11.
O-O Nxc3 12. bxc3 Bd6 13. cxd5 cxd5 14. c4 c6 15. a4 Rf6 16. Ba3 Bxa3 17. Rxa3 Ba6 18.
cxd5 Bxd3 19. Rxd3 cxd5 20. Rb3 Rxb3 21. Qxb3 Rf8 22.
Rc1 Qd7 23. g3 Rc8 24. Rxc8+ Qxc8 25. h4 h5 26. Kg2 Qd7 27. Qb8+ Kh7 28. Qb5 Qxb5 29.
axb5 Kg6 30. Kf3 Kf6 31. Kf4 g6 32. f3 Kf7 33. Ke5 Ke7 34. f4 Kd7 35. Kf6 Kc7 36.
Kxg6 Kb6 37. Kxh5 Kxb5 38. Kg6 a5 39. h5 a4 40. h6 a3 41. h7 a2 42. h8=Q a1=Q 43. Qe8+ Kc4 44. Qxe6 Qg1 45. Qc6+ Kd3 46. Qxd5 Qxg3+ 47. Kxf5 Qh3+ 48. Kg5 Qg3+ 49. Kf5 Qh3+ 50. Kf6 Qh6+ 51. Ke5 Qg7+ 52. Kd6 Qf8+ 53. Kc6 Qa8+ 54.
Kc5 Qa7+ 55. Kb5 Qb8+ 56. Ka6 Qc8+ 57. Qb7 Qe6+ 58. Qb6 Qc8+ 59. Ka5 Qc3+ 60. Qb4 Qc7+ 61. Qb6 Qc3+ 62. Ka6 Qc8+ 63. Ka7 Qd7+ 64. Qb7 Qe8 65. f5 Kxe3 66. Qd5 Qa4+ 67. Kb6 Qb4+ 68. Kc6 Qa4+ 69. Kd6 Qa6+ 70. Qc6 Qa3+ 71. Qc5 Qa6+ 72. Ke5 Qa8 73. d5+ Kf3 74. Qc3+ Kg4 75. Qd4+ Kg5 76. Qg1+ Kh5 77. Qg6+ Kh4 78. f6 Qb8+ 79. d6 Qb5+ 80.
Ke6 Qc4+ 81. Ke7 Qe2+ 82. Kf8 Qe6 83. Qh7+ Kg3 84. Qg8+ Qxg8+ 85. Kxg8 1-0

[Event "*** Titled Tuesday Blitz"]
[Site "Chess.com"]
[Date "2019.04.02"]
[Round "4"]
[White "VFernandezB"]
[Black "GremioPrudente"]
[Result "1-0"]
[WhiteElo "2227"]
[BlackElo "2060"]
[TimeControl "180+2"]
[EndTime "14:52:31 PDT"]
[Termination "VFernandezB won on time"]

1. d4 d5 2. Nf3 c6 3. c4 e6 4. e3 f5 5. Bd3 Nf6 6. O-O Bd6 7. b3 O-O 8. Ba3 Ne4 9. Bxd6 Qxd6 10.
Qc2 Bd7 11. Nc3 Nxc3 12. Qxc3 Be8 13. b4 Bh5 14. Ne5 Nd7 15. c5 Qc7 16. Nxd7 Qxd7 17. f4 a6 18. a4 Rfb8 19. Rfb1 Be8 20. b5 axb5 21. axb5 Rxa1 22. Qxa1 Qc8 23. Qa5 Qd8 24.
Qb4 Ra8 25. bxc6 Bxc6 26. Bb5 Rc8 27. Ra1 Qd7 28. Bxc6 bxc6 29. Ra6 h6 30. Qb6 Qc7 31. Qxc7 Rxc7 32. Kf2 Kf7 33. Ke2 Ke7 34. Ra8 Kf7 35. Ra6 Ke7 36. Kf3 g6 37. h3 Kf7 38. Rb6 Ke7 39. Kg3 Kf6 40. Kh4 Kf7 41. g4 Ke7 42. Rb8 Kf7 43. Rd8 Kg7 44. Rd6 Kf7 45. Rd8 Kg7 46. Kg3 Kf7 47. h4 Kg7 48. h5 gxh5 49.
gxf5 exf5 50. Re8 Kf7 51. Re5 Kf6 52. Kh4 Rg7 53. Kxh5 Rh7 54. Re8 Kf7 55. Rc8 Rg7 56. Rxc6 Rg3 57. Rxh6 Rxe3 58. c6 Rc3 59. Rd6 Ke7 60.
Rg6 Kf7 61. Rd6 Ke7 62. Rh6 Kf7 63. Kg5 Kg7 64. Rd6 Kf7 65. Kxf5 Ke7 66. Rh6 Kd8 67. Ke5 Kc7 68. Kxd5 Rf3 69. Rh7+ Kc8 70. Rf7 Rf1 71. Kd6 Kb8 72. d5 Rh1 73. c7+ Kc8 74. Rf8+ Kb7 75. c8=Q+ Kb6 76. Qc5+ Kb7 77. Rf7+ 1-0

[Event "*** Titled Tuesday Blitz"]
[Site "Chess.com"]
[Date "2019.04.02"]
[Round "4"]
[White "KhalilMousavi77"]
[Black "Cayse"]
[Result "1/2-1/2"]
[WhiteElo "2726"]
[BlackElo "2641"]
[TimeControl "180+2"]
[EndTime "14:52:37 PDT"]
[Termination "Game drawn by stalemate"]

1. c4 Nf6 2. Nc3 e5 3. Nf3 Nc6 4. e4 Bc5 5. Nxe5 Nxe5 6. d4 Bb4 7.
dxe5 Nxe4 8. Qd3 Nxc3 9. bxc3 Bc5 10. Qg3 g6 11. Bh6 Bf8 12. Bg5 Be7 13. Bh6 Bf8 14.
Bxf8 Kxf8 15. Be2 d6 16. Rd1 Qe7 17. exd6 cxd6 18. Rxd6 Bg4 19. Rd2 h5 20. h3 Bxe2 21. Rxe2 Qc5 22. O-O Kg7 23. Re4 Rhe8 24. Rfe1 Rxe4 25.
Rxe4 Rd8 26. Qf4 Rd3 27. Rd4 Rxc3 28. Rd7 Qf5 29. Qxf5 gxf5 30. Rxb7 Rc1+ 31. Kh2 Rc2 32. Rxa7 Rxf2 33. Ra5 Rc2 34. Rxf5 Rxc4 35. Rg5+ Kf6 36. Ra5 h4 37. Ra6+ Kg5 38. a4 Rc1 39. Ra7 Ra1 40. a5 f5 41. Ra8 Kg6 42. Rh8 Kg5 43. Rg8+ Kf6 44. Rf8+ Kg6 45. Ra8 Kg7 46. a6 Kh7 47. Rf8 Rxa6 48. Rxf5 Kg6 49. Rd5 Ra1 50. Re5 Kh6 51.
Rf5 Kg6 52. Rf2 Kg5 53. Rd2 Rb1 54. Rd5+ Kg6 55. Re5 Ra1 56. Re2 Rb1 57. Rf2 Kg5 58. Rc2 Ra1 59. Rc4 Rb1 60. Rg4+ Kh5 61. Ra4 Rc1 62.
Ra2 Rb1 63. g4+ hxg3+ 64. Kxg3 Rb3+ 65. Kg2 Rb5 66. Ra3 Rg5+ 67. Kh2 Rg6 68. Ra4 Rg5 69. Rc4 Rg6 70. Rc8 Kh6 71. h4 Kh7 72. Kh3 Ra6 73. Rc3 Ra4 74. Rf3 Kh6 75. Rf6+ Kh7 76. h5 Ra3+ 77.
Kh4 Ra4+ 78. Kg3 Ra3+ 79. Kg4 Ra4+ 80. Kh3 Ra3+ 81. Kh4 Ra4+ 82. Kg3 Ra3+ 83. Kg4 Ra4+ 84. Kg5 Ra5+ 85. Kg4 Ra4+ 86. Rf4 Rxf4+ 87. Kxf4 Kh6 88. Kg4 Kh7 89. Kg5 Kg7 90. h6+ Kh8 91. Kh5 Kg8 92. Kg6 Kh8 93. h7 1/2-1/2

[Event "*** Titled Tuesday Blitz"]
[Site "Chess.com"]
[Date "2019.04.02"]
[Round "4"]
[White "KenanGarayev"]
[Black "lachesisQ"]
[Result "1-0"]
[WhiteElo "2765"]
[BlackElo "3023"]
[TimeControl "180+2"]
[EndTime "14:52:49 PDT"]
[Termination "KenanGarayev won by resignation"]

1. d4 Nf6 2. c4 g6 3. Nc3 d5 4.
cxd5 Nxd5 5. Nf3 Bg7 6. e4 Nxc3 7. bxc3 c5 8. Bg5 O-O 9. Rc1 Bg4 10. d5 Qd6 11. Be2 Bxf3 12. Bxf3 Nd7 13. O-O b5 14. Be2 c4 15. f4 e6 16. dxe6 Qxe6 17. e5 Nc5 18.
Qd6 Rac8 19. Bf3 Nd3 20. Rb1 Qxd6 21. exd6 f6 22. Bh4 b4 23. cxb4 Rfd8 24. Bb7 Rb8 25. Bd5+ Kf8 26. Bxc4 Rxd6 27. Rfd1 Rbd8 28. Bxd3 Rxd3 29.
Rxd3 Rxd3 30. a4 Ra3 31. a5 f5 32. Bf2 a6 33. b5 Rxa5 34. b6 Bb2 35. Kf1 Rb5 36. b7 Rxb7 37. Bd4 Bxd4 38. Rxb7 Kg8 39. Ke2 h5 40. Rd7 Bc3 41. Rd6 Kf7 42. Rxa6 Bd4 43.
Ra4 Bc3 44. Rc4 Bb2 45. Kd3 Ba1 46. Rc7+ Kg8 47. Rc6 Kf7 48. Kc4 Bb2 49. Kd5 Ba1 50. Rc7+ Kg8 51. Ke6 Bd4 52. Rd7 Bc3 53. Rc7 Bb2 54. Rc4 Ba1 55. g3 Bb2 56. Rc8+ Kg7 57. Rb8 Ba1 58. Rb7+ Kg8 59. Kd5 Bc3 60. Rc7 Bb2 61. Ke6 Ba1 62. Rf7 Bb2 63. Rf6 Kg7 64. Rf7+ Kg8 65. Ke7 Ba1 66. Ke8 Bb2 67. Rb7 Bd4 68. Ke7 Bc3 69. Ke6 Bd4 70. Rb3 Ba1 71. h3 Kg7 72. Ra3 Bd4 73. Rd3 Bb2 74. Rd7+ Kg8 75. Rd2 Bc3 76. Rc2 Bd4 77. g4 fxg4 78. hxg4 hxg4 79. Rg2 Kh7 80. Rxg4 Kh6 81. f5 1-0

[Event "*** Titled Tuesday Blitz"]
[Site "Chess.com"]
[Date "2019.04.02"]
[Round "4"]
[White "Taron_Shagbazyan"]
[Black "fidezivkovic"]
[Result "1-0"]
[WhiteElo "2713"]
[BlackElo "2311"]
[TimeControl "180+2"]
[EndTime "14:53:03 PDT"]
[Termination "Taron_Shagbazyan won by checkmate"]

1. d4 Nf6 2. c4 e6 3. Nc3 Bb4 4. e3 c5 5. Ne2 cxd4 6. exd4 d5 7.
a3 Be7 8. cxd5 Nxd5 9. Nxd5 Qxd5 10. Nc3 Qd6 11. Qg4 Bf6 12. Be3 O-O 13. Ne4 Qe7 14.
Bd3 Nc6 15. Nxf6+ Qxf6 16. Rd1 Qe7 17. Qh5 f5 18. O-O Qf7 19. Qh4 Ne7 20. Rfe1 Nd5 21.
Bd2 Bd7 22. Re5 Bc6 23. Rde1 Rfd8 24. Rxe6 Re8 25. Rxe8+ Rxe8 26. Rxe8+ Qxe8 27. Bxf5 Qe2 28. Qxh7+ Kf8 29. h3 Qxd2 30. Qh8+ Kf7 31. Qh5+ Kf8 32. Qh8+ Kf7 33. Qh5+ Kf8 34. Qh4 Qc1+ 35. Kh2 Qf4+ 36. Qxf4 Nxf4 37. g3 Nd5 38. h4 Ke7 39. f4 Kf6 40.
Bd3 Bd7 41. Kg2 g6 42. Kf3 Bf5 43. Bc4 Nb6 44. Bb3 Be6 45. Bc2 Nc4 46. g4 Bd5+ 47. Kg3 Nxb2 48. g5+ Kg7 49. f5 gxf5 50. Bxf5 Nc4 51. a4 Nd6 52. Bd3 Be4 53. Bf1 Kg6 54. Kf4 Bc2 55. Be2 Bxa4 56. h5+ Kg7 57. h6+ Kf7 58. Bh5+ Kg8 59. Ke5 Nf7+ 60. Kf6 Nxg5 61.
Kxg5 Bc2 62. d5 Be4 63. d6 Kf8 64. d7 Ke7 65. Bg6 Bxg6 66. Kxg6 Kxd7 67. h7 a5 68.
h8=Q b5 69. Qe5 Kc6 70. Kf5 a4 71. Ke4 a3 72. Qc3+ Kb6 73. Qxa3 Kb7 74. Qb4 Ka6 75. Kd5 Kb6 76. Kd6 Ka6 77. Kc7 Ka7 78. Qa5# 1-0